 Dungeon Crawl Stone Soup version 0.22.0-36-g8e74550d25 (webtiles) character file.

130 Kalaidos the Conjurer (level 4, -10/34 HPs)
             Began as a Draconian Conjurer on Aug 25, 2018.
             Was an Initiate of Vehumet.
             Killed from afar by an adder (26 damage)
             ... with an exploding inner flame
             ... hexed by the player character
             ... on level 3 of the Dungeon.
             The game lasted 00:39:23 (2449 turns).

Kalaidos the Conjurer (Draconian Conjurer)          Turns: 2449, Time: 00:39:33

Health: -10/34     AC:  5    Str: 10    XL:     4   Next: 89%
Magic:  0/7        EV: 12    Int: 16    God:    Vehumet [......]
Gold:   102        SH:  0    Dex: 12    Spells: 7/8 levels left

rFire    . . .     SeeInvis .   a - +1 spear
rCold    . . .     Gourm    .   (no shield)
rNeg     . . .     Faith    .   (armour unavailable)
rPois    .         Spirit   .   (helmet restricted)
rElec    .         Reflect  .   (no cloak)
rCorr    .         Harm     .   (no gloves)
MR       .....                  (no boots)
Stlth    ++........             (no amulet)
HPRegen  0.11/turn              (no ring)
MPRegen  0.10/turn              (no ring)

@: lethally poisoned (-10 -> -20)
A: unfitting armour, cold-blooded, AC +5
a: Renounce Religion


You were on level 3 of the Dungeon.
You worshipped Vehumet.
Vehumet was noncommittal.
You were not hungry.

You visited 1 branch of the dungeon, and saw 3 of its levels.

You collected 102 gold pieces.

Inventory:

Hand Weapons
 a - a +1 spear (weapon)
 d - a +0 dagger of protection
Missiles
 e - 11 poisoned needles
 g - 7 curare-tipped needles
Jewellery
 h - an uncursed ring of protection from magic {unknown}
Scrolls
 f - a scroll of immolation
 k - a scroll of blinking {unknown}
Potions
 c - a potion of cancellation {unknown}
 l - a potion of agility {unknown}
Comestibles
 b - 4 rations
 i - 4 chunks of flesh


   Skills:
 + Level 0.8 Fighting
 + Level 1.3 Polearms
 + Level 2.1 Dodging
 + Level 2.3 Stealth
 + Level 2.5 Spellcasting
 + Level 5.1 Conjurations


You had 7 spell levels left.
You knew the following spells:

 Your Spells              Type           Power        Failure   Level  Hunger
a - Magic Dart            Conj           ###.         2%          1    #......

Your spell library contained the following spells:

 Spells                   Type           Power        Failure   Level  Hunger
 Searing Ray              Conj           ###...       3%          2    ##.....
 Dazzling Spray           Conj/Hex       ##....       21%         3    ###....
 Iskenderun's Mystic Bla  Conj           ###.....     22%         4    #####..
 Force Lance              Conj/Tloc      ##......     56%         4    #####..
 Fulminant Prism          Conj/Hex       ##........   56%         4    #####..


Dungeon Overview and Level Annotations

Branches:
Dungeon (3/15)

Altars:
Fedhas
Vehumet
The Shining One


Innate Abilities, Weirdness & Mutations

Your plain brown scales are hard. (AC +5)
You cannot fit into any form of body armour.
You are cold-blooded and may be slowed by cold attacks.


Message History

Confirm with . or Enter, or press ? or * to list all spells.
Aiming: Magic Dart (safe; 2% risk of failure)
Press: ? - help, Shift-Dir - straight line, f/p - adder
Aim: an adder (severely wounded, inner flame)
The magic dart hits the adder.
The adder is almost dead.
You feel sick. The adder bites you.
You closely miss the adder.
Your tail-slap misses the adder.
The adder is almost dead.
The adder bites you.
You are more poisoned.
The adder poisons you! The adder bites you.
You hit the adder.
The adder explodes!
The fiery explosion engulfs the ball python.
You kill the ball python!
Vehumet accepts your kill. The fiery explosion engulfs you!
Ouch! That really hurt!
You die...

#.# #.# #############
#.# ## #...........#
#.# ..
#...........###.###.#
#÷..................#
#.....÷.....# #.....#
#<..........###.##.###
#÷.>........@.(........
#...........§##.##.###.
#............#.... ..
#.########+#.#..#.)....
#.# #.#..######. #.#
.....# ..# #.#.## ###
#.#. .. #


There were no monsters in sight!

Vanquished Creatures
  7 adders
  2 oozes
  A worm (D:2)
  3 leopard geckos (D:2)
  4 bats
  3 giant cockroaches (D:2)
  7 goblins
  5 hobgoblins
  6 jackals
  6 kobolds
  A quokka (D:2)
  3 ball pythons
  2 frilled lizards (D:2)
  5 rats
55 creatures vanquished.

Vanquished Creatures (others)
  A kraken (D:1)
  A ghoul (D:1)
  2 minotaurs (D:1)
  A vampire (D:1)
  A human (D:1)
  A naga (D:1)
  2 mummies (D:1)
  4 tentacles (D:1)
13 creatures vanquished.

Grand Total: 68 creatures vanquished

Notes
Turn   | Place    | Note
-------+----------+-------------------------------------------
     0 | D:1      | Kalaidos the Draconian Conjurer began the quest for the Orb.
     0 | D:1      | Reached XP level 1. HP: 14/14 MP: 3/3
     0 | D:1      | Noticed a naga
     0 | D:1      | Noticed an ogre
     0 | D:1      | Noticed a human
     0 | D:1      | Noticed a ghoul
     0 | D:1      | Noticed a vampire
     0 | D:1      | Noticed a minotaur
     0 | D:1      | Noticed a minotaur
     0 | D:1      | Noticed a kraken
     0 | D:1      | Noticed a dwarf
     0 | D:1      | Noticed a vampire
     0 | D:1      | Noticed a naga
     2 | D:1      | Killed a vampire
     5 | D:1      | Killed a naga
    12 | D:1      | Killed a ghoul
    12 | D:1      | Killed a human
    15 | D:1      | Killed a minotaur
    15 | D:1      | Killed a minotaur
    16 | D:1      | Killed a kraken
   239 | D:1      | Reached XP level 2. HP: 15/20 MP: 3/5
  1091 | D:2      | Reached XP level 3. HP: 23/26 MP: 4/6
  1587 | D:2      | Reached skill level 5 in Conjurations
  1711 | D:2      | Reached XP level 4. HP: 33/34 MP: 3/7
  1863 | D:2      | Found a glowing golden altar of the Shining One.
  1863 | D:2      | Found a blossoming altar of Fedhas.
  1863 | D:2      | Found a radiant altar of Vehumet.
  1901 | D:2      | Became a worshipper of Vehumet
  1983 | D:2      | Reached skill level 1 in Polearms
  2449 | D:3      | Killed from afar by an adder

Skill      XL: |  1  2  3  4 |
---------------+-------------+-----
Stealth        | 2 |  2.3
Dodging        | 2 |  2.1
Conjurations   | 5 |  5.1
Polearms       | 1 |  1.3
Fighting       | |  0.8
Spellcasting   | |  2.5

Action                   |  1- 3 |  4- 6 || total
-------------------------+-------+-------++-------
Melee: Spear             |    59 |    52 ||   111
       Tailslap          |     6 |     5 ||    11
 Cast: Magic Dart        |    40 |    41 ||    81
  Use: Scroll            |     2 |     1 ||     3
       Potion            |       |     2 ||     2
 Stab: Sleeping          |     1 |       ||     1
  Eat: Chunk             |     3 |     3 ||     6
Armor: Skin              |    22 |    19 ||    41
Dodge: Dodged            |    42 |    54 ||    96
